 Dungeon Crawl Stone Soup version 0.31-a0-728-g01b46875f1 (webtiles) character file.

Game seed: 17377800871365627009

41 Newt the Trooper (level 3, 0/25 HPs)
             Began as a Gargoyle Fighter on Sept 11, 2023.
             Slain by an orc priest
             ... wielding a +0 war axe
              (9 damage)
             ... on level 2 of the Dungeon.
             The game lasted 00:00:53 (1046 turns).

Newt the Trooper (Gargoyle Fighter)                 Turns: 1046, Time: 00:00:53

Health: 0/25       AC: 10    Str: 21    XL:     3   Next: 52%
Magic:  3/3        EV:  9    Int:  8    God:
Gold:   31         SH:  4    Dex:  9    Spells: 2/2 levels left

rFire   . . .        a - +0 flail
rCold   . . .        c - +0 buckler
rNeg    + . .        b - +0 scale mail
rPois   ∞            (no helmet)
rElec   +            (no cloak)
rCorr   .            (no gloves)
SInv    .            (no boots)
Will    .....        (no amulet) Stlth
                     (no ring)
HPRegen 0.24/turn    (no ring)
MPRegen 0.08/turn

%: no passive effects
@: no status effects
A: sickness immunity, AC +3, negative energy resistance 1, electricity
resistance, torment resistance 1, petrification resistance
a: no special abilities


You were on level 2 of the Dungeon.
You visited 1 branch of the dungeon, and saw 2 of its levels.

You collected 31 gold pieces.

Inventory:

Hand Weapons
 a - a +0 flail (weapon)
Missiles
 j - 5 poisoned darts
Armour
 b - a +0 scale mail (worn)
 c - a +0 buckler (worn)
Potions
 d - a potion of might
 e - a potion of attraction
 g - a potion of heal wounds {unknown}
 i - 2 potions of lignification {unknown}


   Skills:
 + Level 4.9 Fighting
 - Level 2.0 Maces & Flails
 - Level 3.2 Armour
 - Level 3.2 Shields


You had 2 spell levels left.
You didn't know any spells.
Your spell library was empty.

Dungeon Overview and Level Annotations

Branches:
Dungeon (2/15)

Altars:


Innate Abilities, Weirdness & Mutations

You are immune to sickness and miasma.
Your stone body is resilient. (AC +3)
You are immune to poison.
You resist negative energy. (rN+)
You are resistant to electric shocks. (rElec)
You are resistant to unholy torment.
You are immune to petrification.


Message History

The orc shouts!
You hear a shout!
An orc priest comes into view. It is wielding a +0 war axe.
The orc hits you but does no damage.
You closely miss the orc. The orc hits you with a +0 club.
The orc attacks as it pursues you! The orc hits you but does no damage.
You hit the orc.
The orc is almost dead.
The orc hits you with a +0 club. The orc misses you.
You sock the orc!
You kill the orc!
You hit the orc but do no damage. The orc hits you but does no damage.
You sock the orc!
You kill the orc!
You sock the orc priest!
The orc priest is severely wounded.
The orc priest hits you but does no damage.
You closely miss the orc priest.
The orc priest is severely wounded.
The orc priest barely misses you.
The orc priest hits you with a +0 war axe!
You barely miss the orc priest.
The orc priest is severely wounded.
You block the orc priest's attack.
You hit the orc priest but do no damage.
The orc priest is severely wounded.
The orc priest hits you but does no damage.
You hit the orc priest but do no damage.
The orc priest is severely wounded.
The orc priest hits you with a +0 war axe.
You hit the orc priest but do no damage.
The orc priest is severely wounded.
The orc priest hits you with a +0 war axe.
The orc priest closely misses you.
You closely miss the orc priest.
The orc priest is severely wounded.
The orc priest barely misses you.
You barely miss the orc priest.
The orc priest is severely wounded.
The orc priest hits you with a +0 war axe!
You die...

#.......#
######.......#
#.....#.....##
#...........##
#............#
#.....†......#
###.......<..#
######.........##
.......<.....@###
...###.......#o.#
#......###........
#.<...## ##.......
###..## #......
#### #..... #....
#... #..


You could see an orc priest.

Vanquished Creatures
  2 orcs (D:2)
  4 ball pythons (D:1)
  4 endoplasms (D:1)
  6 goblins (D:1)
  4 hobgoblins (D:1)
  4 jackals (D:1)
  2 kobolds (D:1)
  A quokka (D:2)
  2 bats (D:1)
  3 frilled lizards (D:1)
  2 rats (D:1)
34 creatures vanquished.

Notes
Turn   | Place    | Note
-------+----------+-------------------------------------------
     0 | D:1      | Newt the Gargoyle Fighter began the quest for the Orb.
     0 | D:1      | Reached XP level 1. HP: 14/14 MP: 1/1
   135 | D:1      | Reached XP level 2. HP: 20/20 MP: 2/2
   155 | D:1      | Reached skill level 4 in Fighting
   369 | D:1      | Reached XP level 3. HP: 7/24 MP: 3/3
  1046 | D:2      | Slain by an orc priest

Illustrated notes

Levels and vault maps discovered:
D:1:      lemuel_arrival_tunnels, layout_basic, nrook_uturn, st_stairs_13,
          nicolae_titane
D:2:      minmay_inner_zag, layout_rooms,
          shapermc_ecumenical_altar_mp_urbaneastern, uniq_jessica

Skill      XL: |  1  2 |
---------------+-------+-----
Fighting       | 4 |  4.9
Maces & Flails | |  2.0
Armour         | |  3.2
Shields        | |  3.2

Action                     || total
---------------------------++-------
  Melee: Flail             ||   110
    Use: Scroll            ||     2
 Armour: Scale mail        ||   101
  Dodge: Dodged            ||    61
  Block: Buckler           ||    33

Table legend: (Time is in decaauts)
 A = Elapsed time spent in this place.
 B = Non-inter-level travel time spent in this place.
 C = Inter-level travel time spent in this place.
 D = Time resting spent in this place.
 E = Time spent auto-exploring this place.
 F = Levels seen in this place.
 G = Mean time per level.
                   A        B        C        D        E       F      G
               +--------+--------+--------+--------+--------+-----+--------+
         Total |   1081 |   1018 |     63 |    183 |    608 |   2 |  540.5 |
       Dungeon |   1081 |   1018 |     63 |    183 |    608 |   2 |  540.5 |
               +--------+--------+--------+--------+--------+-----+--------+

Top non-repeatable levels by time:
     D:1: 1035 daAuts
     D:2: 45 daAuts
